 Dungeon Crawl Stone Soup version 0.22-a0-48-g8770677 (webtiles) character file.

114 KristoblXynda the Slasher (level 4, -7/39 HPs)
             Began as a Naga Gladiator on Jan 7, 2018.
             Killed from afar by Sigmund (8 damage)
             ... with a magic dart
             ... on level 2 of the Dungeon.
             The game lasted 00:04:31 (2051 turns).

KristoblXynda the Slasher (Naga Gladiator)          Turns: 2051, Time: 00:04:31

Health: -7/39      AC:  3    Str: 16    XL:     4   Next: 98%
Magic:  4/4        EV: 10    Int:  9    God:
Gold:   73         SH:  0    Dex: 13    Spells: 3/3 levels left

rFire    . . .     SeeInvis +   a - +0 long sword
rCold    . . .     Gourm    .   (no shield)
rNeg     . . .     Faith    .   b - +0 leather armour
rPois    +         Spirit   .   c - +0 helmet
rElec    .         Reflect  .   (no cloak)
rCorr    .         Harm     .   (no gloves)
MR       .....                  (no barding)
Stlth    ++........             (no amulet)
HPRegen  0.13/turn              (no ring)
MPRegen  0.09/turn              (no ring)

@: very slow
A: large, see invisible, deformed body, poison resistance, slowness 2, slow
metabolism 1, spit poison 1, AC +1
a: Spit Poison


You were on level 2 of the Dungeon.
You were not hungry.

You visited 1 branch of the dungeon, and saw 2 of its levels.

You collected 73 gold pieces.

Inventory:

Hand Weapons
 a - a +0 long sword (weapon)
Missiles
 d - 3 throwing nets (quivered)
Armour
 b - a +0 leather armour (worn)
 c - a +0 helmet (worn)
Scrolls
 e - a scroll of amnesia {unknown}
 j - a scroll of magic mapping
 k - a scroll of fear
 l - a scroll of remove curse
 m - a scroll of immolation {unknown}
 p - 2 scrolls of teleportation {unknown}
Potions
 g - a potion of brilliance {unknown}
 h - a potion of lignification {unknown}
 i - a potion of ambrosia
 n - a potion of invisibility {unknown}
Comestibles
 f - 4 rations


   Skills:
 - Level 2.0 Fighting
 + Level 3.6 Long Blades
 - Level 3.0 Throwing
 + Level 3.0 Dodging
 + Level 3.0 Stealth


You had 3 spell levels left.
You didn't know any spells.

Dungeon Overview and Level Annotations

Branches:
Dungeon (2/15)

Altars:
Ru
Vehumet
Wu Jian

Annotations:
D:2 Sigmund


Innate Abilities, Weirdness & Mutations

You cannot wear boots.
Your serpentine skin is tough. (AC +1)
You have supernaturally acute eyesight. (SInv)
Armour fits poorly on your strangely shaped body.
Your system is resistant to poisons. (rPois)
You cover ground very slowly.
You have a slow metabolism.
You can spit poison.


Message History

You barely miss Sigmund.
Sigmund is almost dead.
Sigmund gestures at you while chanting. You resist with some effort.
Unknown command.
You hit Sigmund but do no damage.
Sigmund is almost dead.
Sigmund casts a spell at you. The puff of flame misses you.
You closely miss Sigmund.
Sigmund is almost dead.
Sigmund hits you with a scythe of flaming!
* * * LOW HITPOINT WARNING * * *
Sigmund burns you.
* * * LOW HITPOINT WARNING * * *
Your leather armour prevents you from hitting Sigmund.
Sigmund is almost dead.
Sigmund points at you and mumbles some strange words.
The magic dart hits you!
You die...

#######..###.#######
#..........=........
#.#####..###.#######
#.# #..# #.# #.# #..#
#.#
####.#####..###.#######
#......................
####.#####...##.###....
#..@@S.......###.###
#.#####.#..#.......#
#.# *,.........#.# #.#
**#..#.###.#.. ###
#..#.###.###
#..#.##.....
#........###
#.##†###.#..
######.##.###.#.#


You could see Sigmund (invisible) and an adder.

Vanquished Creatures
  A crimson imp (D:2)
  Robin (D:2)
  A gnoll (D:1)
  An adder (D:2)
  A worm (D:2)
  3 dart slugs (D:1)
  2 ball pythons (D:1)
  3 bats
  11 goblins
  7 hobgoblins
  5 frilled lizards
  4 kobolds
  7 rats
47 creatures vanquished.

Notes
Turn   | Place    | Note
-------+----------+-------------------------------------------
     0 | D:1      | KristoblXynda the Naga Gladiator began the quest for the Orb.
     0 | D:1      | Reached XP level 1. HP: 19/19 MP: 1/1
   171 | D:1      | Reached XP level 2. HP: 23/26 MP: 2/2
   572 | D:1      | Reached skill level 1 in Stealth
   572 | D:1      | Reached XP level 3. HP: 29/32 MP: 3/3
   777 | D:2      | Found a faded altar of an unknown god.
  1247 | D:2      | Reached XP level 4. HP: 32/39 MP: 4/4
  1295 | D:2      | Found an ornate altar of the Wu Jian Council.
  1632 | D:2      | Noticed Sigmund
  1807 | D:2      | Noticed Robin
  1826 | D:2      | Killed Robin
  1924 | D:2      | Found a sacrificial altar of Ru.
  1932 | D:2      | Found a radiant altar of Vehumet.
  2050 | D:2      | HP: 1/39 [Sigmund/scythe of flaming (4)]
  2051 | D:2      | Killed from afar by Sigmund

Vault maps used:
D:1:      ncdulo_lavacross, minmay_pentomino_r4
D:2:      overflow_temple_1_default, amethyst_overflow_temple_binary,
          chequers_ecumenical_altar_simple, minmay_misc_feat_roman, uniq_robin,
          uniq_sigmund

Skill      XL: |  1  2  3  4 |
---------------+-------------+-----
Throwing       | 2 3 |  3.0
Stealth        | 1 2 3 |  3.0
Dodging        | 3 |  3.0
Fighting       | |  2.0
Long Blades    | |  3.6

Action                   |  1- 3 |  4- 6 || total
-------------------------+-------+-------++-------
Melee: Long sword        |    90 |    75 ||   165
Throw: Throwing net      |     1 |       ||     1
 Abil: Spit Poison       |     8 |     5 ||    13
  Use: Scroll            |       |     3 ||     3
       Potion            |       |     1 ||     1
  Eat: Ration            |       |     1 ||     1
Armor: Leather armour    |    26 |    16 ||    42
Dodge: Dodged            |    55 |    47 ||   102
       Rpst.: Long sword |    17 |     9 ||    26

Table legend:
 A = Spawn XP
 B = Non-spawn XP
 C = Spawn XP percentage of total XP
 D = Spawn monster count
 E = Non-spawn monster count
 F = Spawn count percentage of total count
 G = Total turns spent on level
                    A         B        C        D         E        F      G
               +---------+---------+-------+---------+---------+-------+---------
         Total |       0 |     164 |   0.0 |       0 |      47 |   0.0 |  2051
               +---------+---------+-------+---------+---------+-------+---------
           D:1 |       0 |      48 |   0.0 |       0 |      21 |   0.0 |  1141
           D:2 |       0 |     116 |   0.0 |       0 |      26 |   0.0 |   910
               +---------+---------+-------+---------+---------+-------+---------
